 Dungeon Crawl Stone Soup version 0.30-a0-718-geaa24f58ff (webtiles) character file.

Game seed: 14599279686207531153

35 Darius099 the Ruffian (level 3, -1/36 HPs)
             Began as a Troll Monk on Jan 25, 2023.
             Slain by a gnoll
             ... wielding a +0 club
              (6 damage)
             ... on level 2 of the Dungeon.
             The game lasted 00:01:12 (852 turns).

Darius099 the Ruffian (Troll Monk)                   Turns: 852, Time: 00:01:13

Health: -1/36      AC:  4    Str: 19    XL:     3   Next: 16%
Magic:  2/2        EV: 10    Int:  6    God:
Gold:   41         SH:  0    Dex: 14    Spells: 2/2 levels left

rFire   . . .      SeeInvis .      - Unarmed
rCold   . . .      Faith    .    (no shield)
rNeg    . . .      Spirit   .    a - +0 robe
rPois   .          Reflect  .    (helmet restricted)
rElec   .          Harm     .    (no cloak)
rCorr   .          Rampage  .    (gloves unavailable)
Will    +....                    (boots unavailable)
Stlth   ++                       (no amulet)
HPRegen 1.06/turn                i - ring of willpower
MPRegen 0.08/turn                (no ring)

@: no status effects
A: large, unfitting armour, claws 3, regeneration 1, shaggy fur 1, tough skin 1
a: no special abilities


You were on level 2 of the Dungeon.
You visited 1 branch of the dungeon, and saw 2 of its levels.

You collected 41 gold pieces.

Inventory:

Armour
 a - a +0 robe (worn)
Jewellery
 i - a ring of willpower (left claw)
Scrolls
 c - a scroll of enchant weapon {unknown}
 d - a scroll of blinking {unknown}
 f - a scroll of teleportation {unknown}
 k - 3 scrolls of identify {unknown}
 l - a scroll of noise {unknown}
 m - a scroll of immolation {unknown}
 n - 2 scrolls of fear {unknown}
Potions
 b - a potion of ambrosia
 e - a potion of might {unknown}
 g - a potion of berserk rage {unknown}
 h - a potion of curing {unknown}
 j - a potion of invisibility {unknown}
 o - a potion of heal wounds {unknown}


   Skills:
 - Level 2.5 Fighting
 - Level 2.5 Dodging
 - Level 1.1 Stealth
 + Level 3.9 Unarmed Combat


You had 2 spell levels left.
You didn't know any spells.
Your spell library was empty.

Dungeon Overview and Level Annotations

Branches:
Dungeon (2/15)

Altars:


Innate Abilities, Weirdness & Mutations

You are too large for most types of armour.
You have claws for hands.
Your natural rate of healing is unusually fast.
You are covered in fur. (AC +1)
You have tough skin. (AC +1)


Message History

No target in view!
Unknown command.
No target in view!
Unknown command.
Key pressed, stopping explore.
Unknown command.
A gnoll comes into view. It is wielding a +0 spear.
The gnoll shouts!
You hear a shout! x3
A gnoll comes into view. It is wielding a +0 halberd.
The gnoll hits you from afar with a +0 spear!
Unknown command.
There are monsters nearby!
The gnoll hits you with a +0 spear. The gnoll misses you.
A gnoll comes into view. It is wielding a +0 club.
Unknown command.
There are monsters nearby!
Unknown command.
There are monsters nearby!
Unknown command.
You claw the gnoll!
You kill the gnoll!
The gnoll barely misses you.
You have reached level 3!
Your experience leads to an increase in your attributes!
Increase (S)trength, (I)ntelligence, or (D)exterity?
You feel agile. x2; You feel stronger. The gnoll attacks as you move away!
The gnoll closely misses you.
You claw the gnoll!
The gnoll is heavily wounded.
The gnoll hits you from afar with a +0 halberd.
The gnoll hits you with a +0 club.
You completely miss the gnoll.
The gnoll is heavily wounded.
The gnoll barely misses you. The gnoll hits you with a +0 halberd!
The gnoll hits you with a +0 club!
* * * LOW HITPOINT WARNING * * *
You scratch the gnoll.
The gnoll is moderately wounded.
The gnoll hits you with a +0 club.
You die...

# ## ##
#### #. .#
####...
#.#.
.......
#g)#
.....[.
#@####
.....##
#g...#
...####
####.# ###
#.. #.#
###.####..
#.#
#.........
#.#
#.......#.
###.#
#.......#.
#...#
#...).....
#.####
#...>.....


You could see 2 gnolls.

Vanquished Creatures
  A gnoll (D:2)
  A dart slug (D:2)
  5 endoplasms
  2 giant cockroaches
  4 goblins (D:1)
  A hobgoblin (D:1)
  3 kobolds
  A quokka (D:1)
  A ball python (D:1)
  A rat (D:1)
20 creatures vanquished.

Notes
Turn   | Place    | Note
-------+----------+-------------------------------------------
     0 | D:1      | Darius099 the Troll Monk began the quest for the Orb.
     0 | D:1      | Reached XP level 1. HP: 22/22 MP: 0/0
   199 | D:1      | Reached XP level 2. HP: 29/29 MP: 1/1
   770 | D:2      | Found a faded altar of an unknown god.
   848 | D:2      | Reached XP level 3. HP: 25/36 MP: 2/2
   852 | D:2      | Slain by a gnoll

Illustrated notes

Levels and vault maps discovered:
D:1:      ebering_hopf_link, layout_basic, glass_columns_b
D:2:      layout_loops_cross, hellmonk_ecumenical_altar_zigzags

Action                     || total
---------------------------++-------
  Melee: Unarmed           ||    42
 Armour: Robe              ||    11
  Dodge: Dodged            ||    16

Table legend: (Time is in decaauts)
 A = Elapsed time spent in this place.
 B = Non-inter-level travel time spent in this place.
 C = Inter-level travel time spent in this place.
 D = Time resting spent in this place.
 E = Time spent auto-exploring this place.
 F = Levels seen in this place.
 G = Mean time per level.
                   A        B        C        D        E       F      G
               +--------+--------+--------+--------+--------+-----+--------+
         Total |    848 |    835 |     13 |      0 |    673 |   2 |  424.0 |
       Dungeon |    848 |    835 |     13 |      0 |    673 |   2 |  424.0 |
               +--------+--------+--------+--------+--------+-----+--------+

Top non-repeatable levels by time:
     D:1: 635 daAuts
     D:2: 213 daAuts
